 Dungeon Crawl Stone Soup version 0.28-a0-792-g75f770b44e (webtiles) character file.

Game seed: 15775915096813700413

5 Essalna the Firebug (level 1, 0/10 HPs)
             Began as a Gargoyle Fire Elementalist on Nov 3, 2021.
             Slain by a jackal (1 damage)
             ... on level 1 of the Dungeon.
             The game lasted 00:00:36 (209 turns).

Essalna the Firebug (Gargoyle Fire Elementalist)     Turns: 209, Time: 00:00:37

Health: 0/10       AC:  4    Str: 11    XL:     1   Next: 80%
Magic:  3/3        EV: 11    Int: 15    God:
Gold:   10         SH:  0    Dex: 10    Spells: 3/4 levels left

rFire   . . .      SeeInvis .   c - +0 long sword
rCold   . . .      Faith    .   (no shield)
rNeg    + . .      Spirit   .   a - +0 robe
rPois   ∞          Reflect  .   (no helmet)
rElec   +          Harm     .   (no cloak)
rCorr   .          Rampage  .   (no gloves)
Will    .....                   (no boots)
Stlth   ++........              (no amulet)
HPRegen 0.03/turn               (no ring)
MPRegen 0.08/turn               (no ring)

@: no status effects
A: sickness immunity, AC +2, negative energy resistance 1, electricity
resistance, torment resistance 1, petrification resistance
a: no special abilities


You were on level 1 of the Dungeon.
You visited 1 branch of the dungeon, and saw 1 of its levels.

You collected 10 gold pieces.

Inventory:

Hand Weapons
 c - a +0 long sword (weapon)
Armour
 a - a +0 robe (worn)
Scrolls
 b - 2 scrolls of teleportation {unknown}


   Skills:
 - Level 1.5 Dodging
 - Level 2.1 Stealth
 + Level 2.1 Spellcasting
 + Level 1.4 Conjurations
 + Level 3.1 Fire Magic


You had 3 spell levels left.
You knew the following spells:

 Your Spells              Type           Power      Damage    Failure   Level
a - Foxfire               Conj/Fire      32%        2x1d5     9%          1

Your spell library contained the following spells:

 Spells                   Type           Power      Damage    Failure   Level
 Scorch                   Fire           22%        2d6       9%          2
 Conjure Flame            Conj/Fire      8%         6-21      26%         3
 Inner Flame              Hex/Fire       6%         N/A       34%         3
 Flame Wave               Conj/Fire      8%         3d4       65%         4


Dungeon Overview and Level Annotations

Branches:
Dungeon (1/15)

Altars:


Innate Abilities, Weirdness & Mutations

You are immune to sickness and miasma.
Your stone body is resilient. (AC +2)
You are immune to poison.
You resist negative energy. (rN+)
You are resistant to electric shocks. (rElec)
You are resistant to unholy torment.
You are immune to petrification.


Message History

The jackal closely misses you. The jackal bites you.
* * * LOW HITPOINT WARNING * * *
The jackal closely misses you. The jackal completely misses you.
The jackal bites you but does no damage.
You closely miss the jackal.
The jackal pauses to sniff the ground.
The jackal closely misses you. x2
You closely miss the jackal. The jackal barely misses you.
You closely miss the jackal.
The jackal bites you but does no damage. x2
You hit the jackal.
The jackal is almost dead.
The jackal barely misses you.
The jackal bites you but does no damage.
You closely miss the jackal.
The jackal is almost dead.
The jackal barely misses you.
The jackal bites you but does no damage.
You barely miss the jackal.
The jackal is almost dead.
The jackal barely misses you.
The jackal bites you but does no damage.
You closely miss the jackal.
The jackal is almost dead.
The jackal barely misses you.
The jackal bites you but does no damage.
You barely miss the jackal.
The jackal is almost dead.
The jackal bites you.
* * * LOW HITPOINT WARNING * * *
The jackal bites you but does no damage.
You hit the jackal but do no damage.
The jackal is almost dead.
The jackal misses you. The jackal closely misses you.
You hit the jackal but do no damage.
The jackal is severely wounded.
The jackal bites you but does no damage.
The jackal bites you.
You die...

♣.. ♣♣♣ ♣.. ##♣.).♣.#♣♣♣♣♣♣...
.♣♣..♣♣.......(. #.♣♣..♣......##
### #.#♣♣♣.#§§...# ....
#......v.....#
....#######.######...#.#
..............######.#.####
................@hKh.#†#.. +
........#####.#####..#.#.# ..#
........#####........#.#.###...#
.....(.........................+
........###########............#
#######.# ####.#####$... #.#
#... . #.# ##### #.# #########


You could see 2 jackals and a kobold.

Vanquished Creatures
  A giant cockroach (D:1)
  A goblin (D:1)
  A hobgoblin (D:1)
  A jackal (D:1)
4 creatures vanquished.

Vanquished Creatures (others)
  13 foxfires (D:1)
13 creatures vanquished.

Grand Total: 17 creatures vanquished

Notes
Turn   | Place    | Note
-------+----------+-------------------------------------------
     0 | D:1      | Essalna the Gargoyle Fire Elementalist began the quest for
                  | the Orb.
     0 | D:1      | Reached XP level 1. HP: 10/10 MP: 3/3
   160 | D:1      | Found a faded altar of an unknown god.
   209 | D:1      | Slain by a jackal

Illustrated notes

Levels and vault maps discovered:
D:1:      lightli_arrival_noodles, layout_basic,
          shapermc_ecumenical_altar_totnotflames

Action                   || total
-------------------------++-------
Melee: Long sword        ||    14
       Unarmed           ||     2
 Cast: Foxfire           ||     9
Armor: Robe              ||    12
Dodge: Dodged            ||    21

Table legend: (Time is in decaauts)
 A = Elapsed time spent in this place.
 B = Non-inter-level travel time spent in this place.
 C = Inter-level travel time spent in this place.
 D = Time resting spent in this place.
 E = Time spent auto-exploring this place.
 F = Levels seen in this place.
 G = Mean time per level.
                   A        B        C        D        E       F      G
               +--------+--------+--------+--------+--------+-----+--------+
         Total |    213 |    213 |      0 |      0 |    154 |   1 |  213.0 |
       Dungeon |    213 |    213 |      0 |      0 |    154 |   1 |  213.0 |
               +--------+--------+--------+--------+--------+-----+--------+

Top non-repeatable levels by time:
     D:1: 213 daAuts
